 Dungeon Crawl Stone Soup version 0.22-a0-824-g1ca9aab89c (webtiles) character file.

812 Htamos the Conjurer (level 7, -2/52 HPs)
             Began as a Mummy Conjurer on July 24, 2018.
             Was an Initiate of Vehumet.
             Slain by a sky beast (5 damage)
             ... on level 5 of the Dungeon.
             The game lasted 00:13:02 (6295 turns).

Htamos the Conjurer (Mummy Conjurer)                Turns: 6295, Time: 00:13:02

Health: -2/52      AC:  2    Str: 11    XL:     7   Next: 61%
Magic:  9/15       EV: 12    Int: 17    God:    Vehumet [......]
Gold:   259        SH:  0    Dex: 12    Spells: 12/17 levels left

rFire    x . .     SeeInvis .   m - +3 dagger (venom)
rCold    + . .     Gourm    .   (no shield)
rNeg     + + +     Faith    .   a - +0 robe
rPois    ∞         Spirit   .   (no helmet)
rElec    .         Reflect  .   (no cloak)
rCorr    .         Harm     .   (no gloves)
MR       .....                  (no boots)
Stlth    ++........             (no amulet)
HPRegen  0.17/turn              (no ring)
MPRegen  0.14/turn              (no ring)

@: very slightly contaminated
A: no food or potions, fire vulnerability, cold resistance 1, negative energy
resistance 3, torment resistance, unbreathing
a: Renounce Religion


You were on level 5 of the Dungeon.
You worshipped Vehumet.
Vehumet was noncommittal.
You were not hungry.

You visited 2 branches of the dungeon, and saw 6 of its levels.

You collected 259 gold pieces.

Inventory:

Hand Weapons
 c - a +0 dagger
 f - a +0 spear
 h - a +0 dagger of draining
 l - a +0 scythe of flaming
 m - a +3 dagger of venom (weapon)
 o - a +1 flail of protection
Missiles
 b - 136 stones (quivered)
Armour
 a - a +0 robe (worn)
Wands
 e - a wand of iceblast (7)
 j - a wand of disintegration (8)
 k - a wand of polymorph (8)
 p - a wand of flame (50)
Scrolls
 d - 5 scrolls of identify
 g - 2 scrolls of fear
 i - 2 scrolls of teleportation
 n - a scroll of enchant armour {unknown}


   Skills:
 + Level 3.3 Fighting
 - Level 1.7 Dodging
 - Level 1.8 Stealth
 + Level 5.8 Spellcasting
 * Level 6.1 Conjurations


You had 12 spell levels left.
You knew the following spells:

 Your Spells              Type           Power        Failure   Level  Hunger
a - Magic Dart            Conj           ####         1%          1    N/A
b - Iskenderun's Mystic   Conj           ####....     11%         4    N/A

Your spell library contained the following spells:

 Spells                   Type           Power        Failure   Level  Hunger
 Fulminant Prism          Conj/Hex       ###.......   36%         4    N/A
 Dazzling Spray           Conj/Hex       ###...       11%         3    N/A
 Force Lance              Conj/Tloc      ###.....     36%         4    N/A
 Searing Ray              Conj           ####..       1%          2    N/A

Dungeon Overview and Level Annotations

Branches:
Dungeon (5/15)             Temple (1/1) D:4

Altars:
Ashenzari
Cheibriados
Dithmenos
Elyvilon
Fedhas
Gozag
Hepliaklqana
Kikubaaqudgha
Makhleb
Okawaru
Ru
Trog
Uskayaw
Vehumet
Wu Jian
Xom
Yredelemnul
Zin

Annotations:
D:4 Bergy's ghost, amateur DESu


Innate Abilities, Weirdness & Mutations

You do not eat or drink.
Your flesh is vulnerable to fire.
You are immune to poison.
Your flesh is cold resistant. (rC+)
You are immune to negative energy. (rN+++)
You are immune to unholy pain and torment.
You can survive without breathing.


Message History

Aiming: Magic Dart (safe; 1% risk of failure)
Press: ? - help, Shift-Dir - straight line, f - sky beast
Aim: a sky beast (almost dead, poisoned)
The magic dart hits the sky beast.
The sky beast is almost dead.
The sky beast hits you.
* * * LOW HITPOINT WARNING * * *
The sky beast shocks you.
* * * LOW HITPOINT WARNING * * *
Casting: Magic Dart (safe; 1% risk of failure)
Confirm with . or Enter, or press ? or * to list all spells.
Aiming: Iskenderun's Mystic Blast (safe; 11% risk of failure)
Press: ? - help, Shift-Dir - straight line, f/p - sky beast
Aim: a sky beast (almost dead, poisoned)
You miscast Iskenderun's Mystic Blast.
You are very lightly contaminated with residual magic.
Your skin tingles.
The sky beast hits you.
* * * LOW HITPOINT WARNING * * *
The sky beast shocks you.
You die...

..#
#.#
#.#
#.#
#.#
#.#
#.#
#@#
#Y#
#.#
...
#.#
#..
###


You could see a sky beast.

Vanquished Creatures
  Sigmund (D:4)
  A porcupine (D:4)
  2 ogres (D:3)
  A centaur (D:4)
  A scorpion (D:4)
  A howler monkey (D:4)
  2 bullfrog skeletons (D:4)
  A hound (D:3)
  3 adders
  4 gnolls
  4 worms
  A dart slug (D:1)
  9 orcs
  2 giant cockroaches
  8 goblins
  6 hobgoblins
  7 jackals
  5 kobolds
  A quokka (D:2)
  A ball python (D:2)
  5 bats
  6 frilled lizards
  8 rats
80 creatures vanquished.

Notes
Turn   | Place    | Note
-------+----------+-------------------------------------------
     0 | D:1      | Htamos the Mummy Conjurer began the quest for the Orb.
     0 | D:1      | Reached XP level 1. HP: 13/13 MP: 4/4
   168 | D:1      | Reached XP level 2. HP: 12/19 MP: 0/5
  1180 | D:2      | Reached XP level 3. HP: 24/24 MP: 0/7
  1606 | D:2      | Reached skill level 4 in Conjurations
  1665 | D:2      | Found an opulent altar of Gozag.
  2243 | D:2      | Reached XP level 4. HP: 28/30 MP: 7/9
  2945 | D:3      | Found a burning altar of Makhleb.
  3383 | D:3      | Found an iron altar of Okawaru.
  3521 | D:3      | Reached XP level 5. HP: 33/36 MP: 4/11
  3674 | D:4      | Noticed an ogre
  4174 | D:2      | Learned a level 4 spell: Iskenderun's Mystic Blast
  4204 | D:3      | Killed an ogre
  4204 | D:3      | Reached skill level 1 in Fighting
  4302 | D:4      | Noticed a centaur
  4526 | D:4      | Killed a centaur
  4526 | D:4      | Reached skill level 5 in Conjurations
  4526 | D:4      | Reached XP level 6. HP: 22/44 MP: 3/13
  4950 | D:4      | Noticed Sigmund
  4958 | D:4      | Killed Sigmund
  4958 | D:4      | Reached skill level 5 in Spellcasting
  5132 | D:4      | Found a staircase to the Ecumenical Temple.
  5134 | D:4      | Noticed a porcupine
  5134 | D:4      | an orc priest changed into a porcupine
  5152 | D:4      | Killed a porcupine
  5152 | D:4      | Reached XP level 7. HP: 18/51 MP: 13/15
  5425 | Temple   | Entered the Ecumenical Temple
  5444 | Temple   | Became a worshipper of Vehumet
  5788 | D:4      | Found a runed door.
  5790 | D:4      | Found a shimmering altar of Xom.
  5790 | D:4      | Noticed Bergy's ghost (amateur DESu)
  5790 | D:4      | Noticed a mace of chaos
  6058 | D:3      | Reached skill level 6 in Conjurations
  6288 | D:5      | Entered Level 5 of the Dungeon
  6295 | D:5      | Slain by a sky beast

Vault maps used:
D:1:      giann_wishing_wells
D:2:      lemuel_doored_altar, minmay_misc_feat_encased
D:3:      makhleb_heckhound_becter, first_ration, okawaru_gym_becter
D:4:      minmay_temple_entry_statues_pillars, ebering_ghost_xom, serial_bayou,
          serial_bayou_pond_b, serial_bayou_pond_e, serial_bayou_pond_c,
          serial_bayou_ford_a, serial_bayou_pond_e, serial_bayou_shore_b,
          uniq_sigmund
D:5:      kennysheep_mini, uniq_edmund
Temple:   lightli_temple_of_artemis

Skill      XL: |  1  2  3  4  5  6  7 |
---------------+----------------------+-----
Spellcasting   | 3 4 5 |  5.8
Conjurations   | 4 5 6 |  6.1
Fighting       | 1 2 3 |  3.3
Dodging        | |  1.7
Stealth        | |  1.8

Action                   |  1- 3 |  4- 6 |  7- 9 || total
-------------------------+-------+-------+-------++-------
Melee: Dagger            |     7 |    21 |    21 ||    49
       Spear             |    34 |     5 |       ||    39
 Cast: Magic Dart        |    98 |    82 |    32 ||   212
       Iskenderun's Myst |       |     5 |     4 ||     9
Evoke: Wand              |       |    11 |     1 ||    12
  Use: Scroll            |       |     8 |       ||     8
 Stab: Sleeping          |     1 |     1 |     1 ||     3
Armor: Robe              |     9 |       |     1 ||    10
Dodge: Dodged            |    29 |    32 |    13 ||    74

Table legend:
 A = Spawn XP
 B = Non-spawn XP
 C = Spawn XP percentage of total XP
 D = Spawn monster count
 E = Non-spawn monster count
 F = Spawn count percentage of total count
 G = Total turns spent on level
                    A         B        C        D         E        F      G
               +---------+---------+-------+---------+---------+-------+---------
         Total |       0 |    1161 |   0.0 |       0 |      80 |   0.0 |  6295
               +---------+---------+-------+---------+---------+-------+---------
           D:1 |       0 |      67 |   0.0 |       0 |      22 |   0.0 |  1709
           D:2 |       0 |      88 |   0.0 |       0 |      26 |   0.0 |  1684
           D:3 |       0 |     310 |   0.0 |       0 |      14 |   0.0 |  1582
           D:4 |       0 |     696 |   0.0 |       0 |      18 |   0.0 |  1258
               +---------+---------+-------+---------+---------+-------+---------
